 Dungeon Crawl Stone Soup version 0.22.1-2-g9c5b331383 (webtiles) character file.

165 McIrco the Shield-Bearer (level 5, -2/47 HPs)
             Began as a Minotaur Fighter on Jan 5, 2019.
             Killed from afar by an orc wizard (9 damage)
             ... with a puff of flame
             ... on level 3 of the Dungeon.
             The game lasted 00:03:43 (1510 turns).

McIrco the Shield-Bearer (Minotaur Fighter)         Turns: 1510, Time: 00:03:43

Health: -2/47      AC:  7    Str: 22    XL:     5   Next: 21%
Magic:  4/4        EV:  8    Int:  5    God:
Gold:   96         SH: 10    Dex:  9    Spells: 4/4 levels left

rFire    . . .     SeeInvis .   a - +0 long sword
rCold    . . .     Gourm    +   c - +0 shield
rNeg     . . .     Faith    .   b - +0 scale mail
rPois    .         Spirit   .   (helmet restricted)
rElec    .         Reflect  .   (no cloak)
rCorr    .         Harm     .   (no gloves)
MR       .....                  (no boots)
Stlth    ..........             k - amulet of the gourmand
HPRegen  0.15/turn              (no ring)
MPRegen  0.09/turn              (no ring)

@: lethally poisoned (-2 -> -14)
A: retaliatory headbutt, horns 2
a: no special abilities


You were on level 3 of the Dungeon.
You were very hungry.

You visited 1 branch of the dungeon, and saw 3 of its levels.

You collected 96 gold pieces.

Inventory:

Hand Weapons
 a - a +0 long sword (weapon)
Armour
 b - a +0 scale mail (worn)
 c - a +0 shield (worn)
 e - a +0 plate armour
Jewellery
 k - an amulet of the gourmand (around neck)
Scrolls
 g - 3 scrolls of identify {unknown}
 i - a scroll of blinking {unknown}
 n - a scroll of noise {unknown}
Potions
 d - a potion of might
 h - a potion of curing {unknown}
 j - a potion of haste {unknown}
 l - a potion of heal wounds {unknown}
 m - a potion of berserk rage {unknown}
 o - a potion of cancellation {unknown}
 p - a potion of mutation {unknown}
Comestibles
 f - 3 rations


   Skills:
 + Level 4.4 Fighting
 + Level 3.9 Long Blades
 + Level 4.5 Armour
 + Level 0.4 Dodging
 * Level 5.2 Shields


You had 4 spell levels left.
You didn't know any spells.
Your spell library was empty.

Dungeon Overview and Level Annotations

Branches:
Dungeon (3/15)

Altars:
Cheibriados
Fedhas
Hepliaklqana
Nemelex Xobeh
Ru
Sif Muna
Xom


Innate Abilities, Weirdness & Mutations

You reflexively headbutt those who attack you in melee.
You have a pair of horns on your head.


Message History

The orc wizard mumbles some strange words.
The orc wizard flickers and vanishes!
Deactivating autopickup; reactivate with Ctrl-A.
You block the orc's attack.
You closely miss something.
You feel sick.
You hear some strange, mumbled words.
A magic dart appears from out of thin air!
The magic dart hits you! The orc barely misses you. You furiously retaliate!
You headbutt the orc.
You hear some strange, mumbled words.
A puff of frost appears from out of thin air!
The puff of frost hits you!
* * * LOW HITPOINT WARNING * * *
You miss something.
* * * LOW HITPOINT WARNING * * *
You feel sick.
You hear some strange, mumbled words.
A puff of flame appears from out of thin air!
The puff of flame hits you!
You die...

##....###.........####.#.##
##.#..#.........## #...#
####.#.##.....## ##.## _..
##...## #.# .### ##+# #.#
.# #.# # #.# #####.######
#.# ....?.r{@..# #.#
###....o#..####.#
#.....#.......#
#.#.#.#♣.....♣#
.......#♣♣...♣♣ ###.....#
♣♣≈♣♣ .......# #≈≈≈
####.### #####


You could see an orc and a rat.

Vanquished Creatures
  An orc priest (D:3)
  An orc wizard (D:3)
  3 adders (D:2)
  3 oozes (D:1)
  A worm (D:2)
  5 dart slugs
  2 leopard geckos (D:2)
  4 orcs (D:3)
  3 bats (D:1)
  3 giant cockroaches
  4 hobgoblins
  2 quokkas
  A frilled lizard (D:2)
  5 goblins
  7 kobolds
  7 rats
  A plant (D:1)
53 creatures vanquished.

Notes
Turn   | Place    | Note
-------+----------+-------------------------------------------
     0 | D:1      | McIrco the Minotaur Fighter began the quest for the Orb.
     0 | D:1      | Reached XP level 1. HP: 19/19 MP: 0/0
   183 | D:1      | Reached skill level 4 in Shields
   188 | D:1      | Reached XP level 2. HP: 20/27 MP: 1/1
   287 | D:1      | Reached XP level 3. HP: 33/33 MP: 2/2
   832 | D:2      | Found a snail-covered altar of Cheibriados.
   834 | D:2      | Found a sacrificial altar of Ru.
   836 | D:2      | Found a deep blue altar of Sif Muna.
   836 | D:2      | Found a sparkling altar of Nemelex Xobeh.
   953 | D:2      | Reached XP level 4. HP: 38/40 MP: 3/3
  1025 | D:2      | Reached skill level 5 in Shields
  1334 | D:3      | Reached XP level 5. HP: 36/47 MP: 4/4
  1380 | D:3      | Found a blossoming altar of Fedhas.
  1432 | D:3      | Found a shimmering altar of Xom.
  1433 | D:3      | Found a hazy altar of Hepliaklqana.
  1433 | D:3      | Noticed a yak
  1434 | D:3      | Noticed a spectral ugly thing
  1434 | D:3      | Noticed a yak
  1510 | D:3      | Killed from afar by an orc wizard

Skill      XL: |  1  2  3  4 |
---------------+-------------+-----
Shields        | 4 5 |  5.2
Fighting       | 4 |  4.4
Long Blades    | 3 |  3.9
Armour         | 4 |  4.5
Dodging        | |  0.4

Action                   |  1- 3 |  4- 6 || total
-------------------------+-------+-------++-------
Melee: Long sword        |   100 |    48 ||   148
       Headbutt          |    13 |     6 ||    19
  Eat: Chunk             |       |     1 ||     1
Armor: Scale mail        |    34 |    18 ||    52
Dodge: Dodged            |    20 |    27 ||    47
Block: Shield            |    52 |    24 ||    76
       Rpst.: Long sword |     4 |     7 ||    11
